 Dungeon Crawl Stone Soup version 0.28-a0-909-g796cbd3a86 (webtiles) character file.

Game seed: 3967938206784059648

35 siradein the Charlatan (level 3, 0/26 HPs)
             Began as a Demonspawn Artificer on Nov 25, 2021.
             Slain by Terence (8 damage)
             ... on level 2 of the Dungeon.
             The game lasted 00:02:14 (2060 turns).

siradein the Charlatan (Demonspawn Artificer)       Turns: 2060, Time: 00:02:15

Health: 0/26       AC:  4    Str: 13    XL:     3   Next: 16%
Magic:  3/3        EV: 11    Int: 12    God:
Gold:   61         SH:  3    Dex: 13    Spells: 2/2 levels left

rFire   + . .      SeeInvis .   b - +0 mace
rCold   + . .      Faith    .   l - +0 buckler
rNeg    . . .      Spirit   .   j - +1 robe {rC+ rF+}
rPois   .          Reflect  .   (no helmet)
rElec   .          Harm     .   a - +0 cloak
rCorr   .          Rampage  .   (no gloves)
Will    .....                   (no boots)
Stlth   ++........              (no amulet)
HPRegen 0.08/turn               (no ring)
MPRegen 0.08/turn               (no ring)

@: no status effects
A: weakness stinger 1
a: no special abilities


You were on level 2 of the Dungeon.
You visited 1 branch of the dungeon, and saw 2 of its levels.

You collected 61 gold pieces.

Inventory:

Hand Weapons
 b - a +0 mace (weapon)
Armour
 a - a +0 cloak (worn)
 j - a +1 robe of resistance (worn)
 l - a +0 buckler (worn)
Wands
 c - a wand of flame (15)
 d - a wand of charming (15)
Scrolls
 f - a scroll of brand weapon {unknown}
 i - 2 scrolls of fear {unknown}
 k - a scroll of identify {unknown}
Potions
 g - a potion of flight {unknown}
 h - a potion of attraction {unknown}
Miscellaneous
 e - a piece from Xom's chessboard (14/15) (quivered)


   Skills:
 + Level 1.5 Fighting
 + Level 0.5 Maces & Flails
 + Level 2.2 Armour
 + Level 1.4 Dodging
 - Level 0.8 Stealth
 + Level 3.3 Evocations


You had 2 spell levels left.
You didn't know any spells.
Your spell library was empty.

Dungeon Overview and Level Annotations

Branches:
Dungeon (2/15)

Altars:

Annotations:
D:2 Terence


Innate Abilities, Weirdness & Mutations

You have a small tail.


Message History

The kobold is moderately wounded.
The kobold hits you with a +0 short sword.
You closely miss the kobold.
The kobold is moderately wounded.
The kobold hits you but does no damage. The kobold misses you.
Terence bares his teeth.
You barely miss the kobold.
The kobold is moderately wounded.
You block the kobold's attack.
You barely miss the kobold.
The kobold is moderately wounded.
You block the kobold's attack. The kobold hits you but does no damage.
You barely miss the kobold.
The kobold is moderately wounded.
The kobold closely misses you.
You barely miss the kobold.
The kobold is moderately wounded.
The kobold hits you but does no damage.
The kobold hits you with a +0 short sword.
You closely miss the kobold.
The kobold is moderately wounded.
The kobold barely misses you.
You closely miss the kobold.
The kobold is moderately wounded.
The kobold closely misses you. The kobold hits you but does no damage.
You barely miss the kobold.
The kobold is moderately wounded.
The kobold hits you but does no damage.
You hit the kobold but do no damage.
The kobold is moderately wounded.
The kobold closely misses you.
You hit the kobold.
You kill the kobold!
You hit Terence but do no damage. Terence hits you with a +0 hand axe. x2
* * * LOW HITPOINT WARNING * * *
Non-targeted evoke: piece from Xom's chessboard (15/15)
Press: ? - help, Q - select action, (/) - cycle Dir - look around, f - activate You make a move on Xom's chessboard...
Terence is moving more slowly.
Terence hits you with a +0 hand axe!
You die...

#........# #.#
#.######.# #.# #.#
#.##### #.####
#.######.#...# #.....
#.##.......#.###..###
#.##.###.#...##(..##
#.##.###.##.##.....#
#........##.###...##
####@######.####..#
#@# #..)....# #.#
######.##
#####.###### #'#
#..........# .(.
#..#######.# ....
#...###.##.. .....
#........... .......
#..#.###.### .....


You could see Terence (petrifying).

Vanquished Creatures
  A worm (D:2)
  3 ball pythons (D:1)
  5 endoplasms
  4 hobgoblins
  2 quokkas
  2 bats
  3 frilled lizards (D:1)
  4 goblins (D:1)
  4 kobolds
  3 rats (D:1)
31 creatures vanquished.

Notes
Turn   | Place    | Note
-------+----------+-------------------------------------------
     0 | D:1      | siradein the Demonspawn Artificer began the quest for the
                  | Orb.
     0 | D:1      | Reached XP level 1. HP: 15/15 MP: 1/1
    92 | D:1      | Reached skill level 1 in Dodging
   562 | D:1      | Found a faded altar of an unknown god.
   670 | D:1      | Discovered your monstrous ancestry.
   670 | D:1      | Gained mutation: You have a small tail. [demonic ancestry]
   670 | D:1      | Reached XP level 2. HP: 6/21 MP: 2/2
  1755 | D:2      | Reached XP level 3. HP: 23/26 MP: 3/3
  2037 | D:2      | Noticed Terence
  2060 | D:2      | Slain by Terence

Illustrated notes

Levels and vault maps discovered:
D:1:      dpeg_arrival_signposts, layout_basic,
          shapermc_ecumenical_altar_mp_vishouse, solitary_fountain
D:2:      layout_loops_corners, minmay_misc_feat_rugged,
          minmay_indecisive_spiral, uniq_terence

Skill      XL: |  1 |
---------------+----+-----
Dodging        | 1 |  1.4
Armour         | 2 |  2.2
Fighting       | |  1.5
Maces & Flails | |  0.5
Stealth        | |  0.8
Evocations     | |  3.3

Action                   || total
-------------------------++-------
Melee: Club              ||    17
       Mace              ||    83
       Short sword       ||     3
       Tailslap          ||     8
Evoke: Piece from Xom's  ||     3
 Stab: Sleeping          ||     1
Armor: Ring mail         ||     8
       Leather armour    ||     4
       Robe              ||    23
Dodge: Dodged            ||    63
Block: Buckler           ||     4

Table legend: (Time is in decaauts)
 A = Elapsed time spent in this place.
 B = Non-inter-level travel time spent in this place.
 C = Inter-level travel time spent in this place.
 D = Time resting spent in this place.
 E = Time spent auto-exploring this place.
 F = Levels seen in this place.
 G = Mean time per level.
                   A        B        C        D        E       F      G
               +--------+--------+--------+--------+--------+-----+--------+
         Total |   2098 |   2073 |     25 |     15 |   1717 |   2 | 1049.0 |
       Dungeon |   2098 |   2073 |     25 |     15 |   1717 |   2 | 1049.0 |
               +--------+--------+--------+--------+--------+-----+--------+

Top non-repeatable levels by time:
     D:1: 1671 daAuts
     D:2: 426 daAuts
